 Dungeon Crawl Stone Soup version 0.24.0-37-gcf1ca852f1 (webtiles) character file.

Game seed: 9414851092818345268, levelgen mode: deterministic

287 Mrkan the Ruffian (level 6, -1/61 HPs)
             Began as a Troll Hunter on Nov 26, 2019.
             Was an Initiate of Makhleb.
             Killed from afar by an orc wizard (8 damage)
             ... with a magic dart
             ... on level 3 of the Dungeon.
             The game lasted 00:06:09 (2861 turns).

Mrkan the Ruffian (Troll Hunter)                    Turns: 2861, Time: 00:06:09

Health: -1/61      AC:  6    Str: 22    XL:     6   Next: 8%
Magic:  5/5        EV:  7    Int:  8    God:    Makhleb [......]
Gold:   166        SH:  7    Dex: 10    Spells: 5/5 levels left

rFire    . . .     SeeInvis .     - Unarmed
rCold    . . .     Gourm    +   t - +0 shield
rNeg     . . .     Faith    .   b - +0 robe
rPois    .         Spirit   .   (helmet restricted)
rElec    .         Reflect  .   (no cloak)
rCorr    .         Harm     .   (gloves unavailable)
MR       .....                  (boots unavailable)
Stlth    +.........             (no amulet)
HPRegen  0.60/turn              (no ring)
MPRegen  0.09/turn              (no ring)

@: no status effects
A: large, unfitting armour, claws 3, fast metabolism 3, gourmand, regeneration
1, shaggy fur 1, tough skin 3
a: Renounce Religion


You were on level 3 of the Dungeon.
You worshipped Makhleb.
Makhleb was noncommittal.
You were completely stuffed.

You visited 2 branches of the dungeon, and saw 5 of its levels.

You collected 166 gold pieces.

Inventory:

Missiles
 c - 5 large rocks (quivered)
 d - 2 throwing nets
 m - 14 poisoned darts
 o - 6 atropa-tipped darts
Armour
 b - a +0 robe (worn)
 t - a +0 shield (worn)
Jewellery
 e - an uncursed amulet of the acrobat {unknown}
 g - an uncursed amulet of rage {unknown}
 u - an uncursed amulet of magic regeneration {unknown}
 v - an uncursed amulet of the acrobat {unknown}
 x - an uncursed ring of protection from cold {unknown}
Wands
 q - a wand of enslavement (5)
Scrolls
 a - 2 scrolls of amnesia {unknown}
 i - 2 scrolls of enchant weapon {unknown}
 j - a scroll of teleportation {unknown}
 k - a scroll of immolation {unknown}
 r - 3 scrolls of identify {unknown}
 s - 2 scrolls of remove curse {unknown}
Potions
 h - 2 potions of flight {unknown}
 l - a potion of lignification {unknown}
 n - 2 potions of degeneration {unknown}
 p - 2 potions of might {unknown}
 w - a potion of agility {unknown}
 A - 3 potions of curing {unknown}
Comestibles
 f - 8 rations
 z - 2 chunks of flesh


   Skills:
 + Level 3.2 Fighting
 - Level 3.6 Throwing
 - Level 1.5 Dodging
 - Level 0.3 Stealth
 * Level 4.9 Unarmed Combat


You had 5 spell levels left.
You didn't know any spells.
Your spell library contained the following spells:

 Spells                   Type           Power        Failure   Level  Hunger
 Corona                   Hex            #......      97%         1    ##.....
 Ensorcelled Hibernation  Hex/Ice        #.....       99%         2    ###....
 Confuse                  Hex            #.......     100%        3    ####...
 Dazzling Spray           Conj/Hex       #.....       100%        3    ####...
 Tukima's Dance           Hex            #.......     100%        3    ####...


Dungeon Overview and Level Annotations

Branches:
Dungeon (4/15)             Temple (1/1) D:4

Altars:
Ashenzari
Cheibriados
Dithmenos
Elyvilon
Gozag
Kikubaaqudgha
Makhleb
Nemelex Xobeh
Okawaru
Ru
Trog
Uskayaw
Vehumet
Wu Jian
Xom
Yredelemnul
Zin
The Shining One

Shops:
D:4 :


Innate Abilities, Weirdness & Mutations

You are too large for most types of armour.
You have claws for hands.
Your metabolism is lightning-fast.
You like to eat raw meat.
Your natural rate of healing is unusually fast.
You are covered in fur. (AC +1)
You have extremely tough skin. (AC +3)


Message History

You climb upwards.
Reactivating autopickup.
There is a stone staircase leading down here.
You start resting.
Eating one of 3 chunks of flesh.
You eat one of the 3 chunks of flesh.
This raw flesh tastes great.
An orc wizard appears from thin air!
The orc wizard hits you with a +0 dagger.
* * * LOW HITPOINT WARNING * * *
An orc wizard is nearby!
You closely miss the orc wizard. You barely miss the orc wizard.
The orc wizard hits you but does no damage.
You claw the orc wizard!
The orc wizard is severely wounded.
The orc wizard hits you but does no damage.
You closely miss the orc wizard.
The orc wizard is severely wounded.
The orc wizard points at you and mumbles some strange words.
The magic dart hits you!
You die...

#....#######
#..........#
#..........#
######..........#
÷...............#
................#
................#
.......÷..).....##
................@#
...............o.#
.................#######
######.................#
#...........##########.#
..#########.# #.# ..#
######.##########.# ..#
#..............##.# ..#
#..............##.#


You could see an orc wizard.

Vanquished Creatures
  An orc priest (D:4)
  An orc wizard (D:4)
  A centaur skeleton (D:4)
  A worker ant (D:4)
  7 adders (D:2)
  3 oozes
  An adder skeleton (D:4)
  2 worms
  4 dart slugs
  2 leopard geckos
  4 orcs (D:4)
  5 giant cockroaches
  5 hobgoblins
  8 jackals
  2 quokkas
  11 bats
  5 frilled lizards
  11 goblins
  8 kobolds
  3 rats
85 creatures vanquished.

Notes
Turn   | Place    | Note
-------+----------+-------------------------------------------
     0 | D:1      | Mrkan the Troll Hunter began the quest for the Orb.
     0 | D:1      | Reached XP level 1. HP: 19/19 MP: 0/0
   147 | D:1      | Reached skill level 1 in Unarmed Combat
   152 | D:1      | Reached XP level 2. HP: 27/28 MP: 1/1
   507 | D:1      | Reached skill level 2 in Unarmed Combat
   716 | D:1      | Reached XP level 3. HP: 35/35 MP: 2/2
  1237 | D:2      | Reached skill level 3 in Unarmed Combat
  1237 | D:2      | Reached XP level 4. HP: 44/44 MP: 3/3
  1851 | D:3      | Reached XP level 5. HP: 50/50 MP: 4/4
  1945 | D:3      | Found a glowing silver altar of Zin.
  2378 | D:3      | Found a glowing golden altar of the Shining One.
  2445 | D:4      | Reached skill level 4 in Unarmed Combat
  2646 | D:4      | Found Cety's Book Shoppe.
  2662 | D:4      | Found a staircase to the Ecumenical Temple.
  2686 | Temple   | Entered the Ecumenical Temple
  2764 | Temple   | Became a worshipper of Makhleb the Destroyer
  2821 | D:4      | Reached XP level 6. HP: 58/61 MP: 5/5
  2850 | D:4      | HP: 2/61 [worker ant (2)]
  2861 | D:3      | Killed from afar by an orc wizard

Levels and vault maps discovered:
D:1:      ebering_trefoil_twist, layout_basic
D:2:      layout_loops_ring
D:3:      layout_basic, overflow_temple_1_default, overflow_temple_1_default
D:4:      layout_rooms, minmay_temple_entry_offerings, serial_shops, shop,
          first_ration
Temple:   compressed_dpeg_circular_temple

Skill      XL: |  1  2  3  4  5 |
---------------+----------------+-----
Unarmed Combat | 1 2 3 4 |  4.9
Fighting       | 2 3 |  3.2
Throwing       | |  3.6
Dodging        | |  1.5
Stealth        | |  0.3

Action                   |  1- 3 |  4- 6 || total
-------------------------+-------+-------++-------
Melee: Unarmed           |   113 |   162 ||   275
 Stab: Sleeping          |     1 |     1 ||     2
  Eat: Chunk             |    16 |    16 ||    32
Armor: Robe              |    74 |    77 ||   151
Dodge: Dodged            |    70 |    73 ||   143
Block: Shield            |       |    15 ||    15
